 Dungeon Crawl Stone Soup version 0.17-a0-1646-geb1493d (webtiles) character file.

82 LilCorpsy the Poker (level 4, 0/49 HPs)
             Began as a Merfolk Gladiator on Aug 11, 2015.
             Succumbed to an adder's poison
             ... on level 3 of the Dungeon.
             The game lasted 00:05:31 (1978 turns).

LilCorpsy the Poker (Merfolk Gladiator)             Turns: 1978, Time: 00:05:31

Health: 0/49       AC:  4    Str: 20    XL:     4   Next: 43%
Magic:  4/4        EV: 13    Int:  7    God:
Gold:   157        SH:  0    Dex: 15    Spells: 0 memorised, 3 levels left

rFire  . . .     SeeInvis .     a - +0 trident
rCold  . . .     Clarity  .     b - +0 leather armour
rNeg   . . .     SustAt   .     (no shield)
rPois  .         Gourm    .     c - +0 helmet
rElec  .         Spirit   .     (no cloak)
rCorr  .         Warding  .     (no gloves)
rMut   .         Stasis   .     (no boots)
MR     .....                    (no amulet)
Stlth  ..........               (no ring)
                                (no ring)

@: berserking, lethally poisoned (0 -> -3), very quick, not resistant to hostile
enchantments, extremely unstealthy
A: change form in water, swift swim
a: no special abilities


You were on level 3 of the Dungeon.
You were not hungry.

You visited 1 branch of the dungeon, and saw 3 of its levels.

You collected 157 gold pieces.

Inventory:

Hand weapons
 a - a +0 trident (weapon)
 o - a +0 bardiche
Missiles
 d - 3 throwing nets (quivered)
Armour
 b - a +0 leather armour (worn)
 c - a +0 helmet (worn)
Magical devices
 p - a wand of paralysis (13)
Scrolls
 f - 8 scrolls of identify {unknown}
 i - 3 scrolls of recharging {unknown}
 j - a scroll of fear {unknown}
 m - 2 scrolls of remove curse {unknown}
Potions
 g - 3 potions of flight {unknown}
 k - a potion of ambrosia {unknown}
 l - a potion of degeneration {unknown}
Comestibles
 n - 4 fruits


   Skills:
 - Level 2.1 Fighting
 * Level 7.4 Polearms
 - Level 2.0 Throwing
 - Level 4.0 Dodging


You had 3 spell levels left.
You didn't know any spells.

Dungeon Overview and Level Annotations

Branches:
Dungeon (3/15)

Altars:
Gozag
Zin


Message History

You are lethally poisoned!
The adder poisons you! The rat bites you but does no damage.
The adder bites you.
* * * LOW HITPOINT WARNING * * *
You feel better. The rat bites you. The adder bites you.
* * * LOW HITPOINT WARNING * * *
a - a +0 trident (weapon)
The rat closely misses you. The adder bites you.
* * * LOW HITPOINT WARNING * * *
You closely miss the adder.
The adder is almost dead.
The rat misses you. The adder bites you.
* * * LOW HITPOINT WARNING * * *
You are lethally poisoned!
The adder poisons you!
Unknown command.
It was a potion of berserk rage.
A red film seems to cover your vision as you go berserk!
You feel yourself moving faster!
You feel mighty!
You die...

...............####.....
...........##....(......
$..........##...........
...........##........###
...........##........#
..........###....†...##.
#.........# #...........
......)...#####.........
......r@................
......#S####............
......#.###.............
........................
......(..............[.#
............###.###....#
.... #.....##.....#.....
#..... #.#.######.. #.
#.._..#.....


You could see an adder and a rat.

Vanquished Creatures
  Robin (D:2)
  An adder (D:2)
  2 oozes (D:1)
  2 giant geckos (D:1)
  2 orcs (D:3)
  5 giant cockroaches
  11 goblins
  7 hobgoblins
  3 kobolds
  2 quokkas (D:3)
  3 bats
  3 giant newts (D:1)
  5 rats
47 creatures vanquished.

Notes
Turn   | Place    | Note
--------------------------------------------------------------
     0 | D:1      | LilCorpsy the Merfolk Gladiator began the quest for the Orb.
     0 | D:1      | Reached XP level 1. HP: 16/16 MP: 1/1
    75 | D:1      | Reached skill level 5 in Polearms
    81 | D:1      | Reached XP level 2. HP: 22/22 MP: 2/2
   364 | D:1      | Reached XP level 3. HP: 25/27 MP: 3/3
   399 | D:1      | Reached skill level 6 in Polearms
  1106 | D:2      | Found a glowing silver altar of Zin.
  1268 | D:2      | Noticed Robin
  1281 | D:2      | Reached XP level 4. HP: 23/33 MP: 4/4
  1291 | D:2      | Reached skill level 7 in Polearms
  1295 | D:2      | Killed Robin
  1886 | D:3      | Found an opulent altar of Gozag.
  1977 | D:3      | HP: 1/33 [adder (5)]
  1978 | D:3      | Succumbed to an adder's poison

Vault maps used:
D:1:      scummos_arrival_gate, minivault_23
D:2:      nicolae_overflow_hidden_temple, uniq_robin
D:3:      nicolae_gozag_cash_rules_everything_around_me, lemuel_crystal_altar,
          ecumenical_altar_1

Action                   |  1- 3 |  4- 6 || total
-------------------------+-------+-------++-------
Melee: Trident           |   104 |    28 ||   132
       Bardiche          |       |    26 ||    26
  Use: Potion            |       |     5 ||     5
 Stab: Sleeping          |     4 |     1 ||     5
  Eat: Beef jerky        |     1 |       ||     1
       Bread ration      |       |     1 ||     1
